 Dungeon Crawl Stone Soup version 0.28-a0-194-g42b4daccc1 (webtiles) character file.

Game seed: 14706229666983808089

357 Nattfarinn the Grave Robber (level 6, 0/49 HPs)
             Began as a Deep Dwarf Necromancer on Aug 18, 2021.
             Slain by a killer bee zombie (2 damage)
             ... on level 6 of the Dungeon.
             The game lasted 00:08:21 (3632 turns).

Nattfarinn the Grave Robber (DDNe)                  Turns: 3632, Time: 00:08:22

Health: 0/49       AC:  2    Str: 14    XL:     6   Next: 37%
Magic:  11/11      EV: 12    Int: 15    God:
Gold:   123        SH:  0    Dex: 13    Spells: 8/12 levels left

rFire   . . .      SeeInvis .   o - +3 short sword
rCold   . . .      Faith    .   (no shield)
rNeg    . . .      Spirit   .   a - +0 robe
rPois   .          Reflect  .   (no helmet)
rElec   .          Harm     .   (no cloak)
rCorr   .          Rampage  .   (no gloves)
Will    .....                   (no boots)
Stlth   ++........              (no amulet)
HPRegen 0.00/turn               (no ring)
MPRegen 0.12/turn               (no ring)

@: no status effects
A: damage resistance, heal wounds, sense surroundings 1, no regeneration
a: Heal Wounds


You were on level 6 of the Dungeon.
You visited 1 branch of the dungeon, and saw 4 of its levels.

You collected 123 gold pieces.

Inventory:

Hand Weapons
 o - a +3 short sword (weapon)
Armour
 a - a +0 robe (worn)
Magical Staves
 f - a staff of cold
 g - a staff of poison
 j - a staff of air
Wands
 p - a wand of flame (12)
Scrolls
 b - a scroll of teleportation
 d - a scroll of magic mapping {unknown}
 h - a scroll of enchant weapon {unknown}
 i - 6 scrolls of identify {unknown}
 k - a scroll of fear {unknown}
 l - a scroll of blinking {unknown}
Potions
 e - a potion of magic
 n - a potion of attraction {unknown}


   Skills:
 - Level 2.1 Dodging
 - Level 2.4 Stealth
 + Level 3.5 Spellcasting
 * Level 7.4 Necromancy


You had 8 spell levels left.
You knew the following spells:

 Your Spells              Type           Power      Damage    Failure   Level
a - Pain                  Necr           96%        1d8       1%          1
b - Vampiric Draining     Necr           12%        2d7       2%          3

Your spell library contained the following spells:

 Spells                   Type           Power      Damage    Failure   Level
 Animate Skeleton         Necr           48%        N/A       1%          1
 Animate Dead             Necr           12%        N/A       9%          4
 Foxfire                  Conj/Fire      8%         2x1d4     19%         1
 Agony                    Necr           24%        N/A       26%         5
 Blade Hands              Tmut           1%         N/A       99%         5
 Irradiate                Conj/Tmut      1%         3d13      99%         5
 Silence                  Hex/Air        1%         N/A       99%         5
 Starburst                Conj/Fire      1%         6d3       100%        6
 Dragon Form              Tmut           1%         N/A       100%        7
 Maxwell's Capacitive Co  Air            1%         ∞         100%        8
 Chain Lightning          Conj/Air       1%         3d1       100%        9
 Fire Storm               Conj/Fire      1%         7d1       100%        9


Dungeon Overview and Level Annotations

Branches:
Dungeon (6/15)             Temple (0/1) D:6

Altars:
Dithmenos
Trog


Innate Abilities, Weirdness & Mutations

You are resistant to damage.
You can heal yourself by infusing magical energy.
You passively map a small area around you.
You do not regenerate.


Message History

The water moccasin skeleton is moderately damaged.
The water moccasin skeleton bites you. x2
The orc warrior shouts!
You hit the water moccasin skeleton.
The water moccasin skeleton is heavily damaged.
The water moccasin skeleton misses you.
You puncture the water moccasin skeleton!
The water moccasin skeleton is severely damaged.
The water moccasin skeleton barely misses you.
You barely miss the water moccasin skeleton.
The water moccasin skeleton is severely damaged.
The water moccasin skeleton misses you. x2
You hit the water moccasin skeleton.
The water moccasin skeleton is almost destroyed.
The water moccasin skeleton closely misses you.
You hit the water moccasin skeleton.
The water moccasin skeleton is almost destroyed.
The water moccasin skeleton closely misses you.
The orc warrior hits you from afar with a +0 halberd!
* * * LOW HITPOINT WARNING * * *
You hit the water moccasin skeleton.
The water moccasin skeleton is almost destroyed.
The water moccasin skeleton bites you.
The orc warrior hits you from afar with a +0 halberd!
* * * LOW HITPOINT WARNING * * *
The water moccasin skeleton barely misses you.
As you read the scroll of teleportation, it crumbles to dust.
You feel strangely unstable.
Found a stone staircase leading up.
Your surroundings suddenly seem different.
You start resting.
Magic restored.
A bullfrog skeleton is nearby!
You see here a +0 whip.
A killer bee zombie comes into view.
You are too injured to fight recklessly!
An iguana comes into view.
The iguana hisses angrily.
The killer bee zombie hits you.
You die...

#.# #.# #.# #.#
#.# #.# #.# #.# ##
#.# #.# #.. .# #.#
#.# ###*.# #.# #.#
.# #.#
#.#######.######.#
#.........##.....#
########@.##....##
* #Z.#####.# *
...# #.# *..###
#.####### #l.
#.......... #..*
#.######### #..
#.# ### #.. #.#
,,, ... * #.# , *
#.


You could see an iguana and a killer bee zombie.

Vanquished Creatures
  A water moccasin (D:6)
  A hound (D:3)
  An orc priest (D:3)
  A centaur skeleton (D:6)
  An iguana (D:6)
  An orc wizard (D:6)
  A gnoll (D:6)
  2 adders (D:2)
  2 worms
  6 orcs
  8 ball pythons
  6 bats
  8 endoplasms
  3 hobgoblins
  8 kobolds
  3 quokkas
  3 frilled lizards (D:1)
  9 goblins
  5 rats
70 creatures vanquished.

Vanquished Creatures (others)
  A plant (D:1)
1 creature vanquished.

Grand Total: 71 creatures vanquished

Notes
Turn   | Place    | Note
-------+----------+-------------------------------------------
     0 | D:1      | Nattfarinn the Deep Dwarf Necromancer began the quest for
                  | the Orb.
     0 | D:1      | Reached XP level 1. HP: 15/15 MP: 3/3
   524 | D:1      | Reached XP level 2. HP: 22/22 MP: 1/5
   795 | D:1      | Reached skill level 5 in Necromancy
  1020 | D:1      | Got the Collected Works on the Flying Volcanoes
  1190 | D:2      | Reached XP level 3. HP: 25/28 MP: 1/6
  1300 | D:2      | Learned a level 3 spell: Vampiric Draining
  1392 | D:2      | Found a faded altar of an unknown god.
  1537 | D:2      | Found a bloodstained altar of Trog.
  2241 | D:3      | Reached XP level 4. HP: 36/36 MP: 3/7
  2348 | D:3      | Reached skill level 6 in Necromancy
  2523 | D:3      | Reached XP level 5. HP: 34/42 MP: 2/9
  3056 | D:3      | You fall into a shaft and drop 3 floors!
  3056 | D:6      | Found a shadowy altar of Dithmenos.
  3056 | D:6      | Noticed an ogre
  3056 | D:6      | Noticed an orc warrior
  3057 | D:6      | Noticed an ogre
  3092 | D:6      | Found a staircase to the Ecumenical Temple.
  3282 | D:6      | Noticed a water moccasin
  3297 | D:6      | HP: 1/42 [water moccasin (6)]
  3300 | D:6      | Killed a water moccasin
  3301 | D:6      | Reached skill level 7 in Necromancy
  3301 | D:6      | Reached XP level 6. HP: 16/49 MP: 6/11
  3496 | D:6      | Noticed an orc warrior
  3527 | D:6      | HP: 2/49 [orc warrior (5)]
  3632 | D:6      | Slain by a killer bee zombie

Illustrated notes

Levels and vault maps discovered:
D:1:      dpeg_arrival_lava_temple_mockup, layout_basic, serial_forest,
          infiniplex_forest_corner_2, infiniplex_forest_lined_2,
          infiniplex_forest_clump_double, infiniplex_forest_end_1,
          infiniplex_forest_zigzag_1, infiniplex_forest_lined_3
D:2:      layout_loops_ring, basic_altar, chequers_ecumenical_altar_island,
          hangedman_abyss_or_decor_lesser_grid
D:3:      layout_basic, nemelex_dance_club_becter, serial_park_tiny_pond,
          grunt_decor_cap, wad_floor_pattern_2, grunt_ministairs_8,
          kennysheep_pointless_box, grunt_decor_junction,
          hangedman_decor_opposing
D:6:      layout_loops_ring, nicolae_dithmenos_shadow_blocks,
          minmay_temple_entry_slanted

Skill      XL: |  1  2  3  4  5 |
---------------+----------------+-----
Spellcasting   | 2 3 |  3.5
Necromancy     | 5 6 7 |  7.4
Dodging        | |  2.1
Stealth        | |  2.4

Action                   |  1- 3 |  4- 6 || total
-------------------------+-------+-------++-------
Melee: Staff             |    29 |    38 ||    67
       Short sword       |       |    36 ||    36
 Cast: Pain              |    44 |       ||    44
       Vampiric Draining |    14 |    30 ||    44
  Use: Potion            |       |     3 ||     3
       Scroll            |       |     2 ||     2
 Stab: Sleeping          |     2 |       ||     2
Armor: Robe              |     6 |    13 ||    19
       Skin              |       |    20 ||    20
Dodge: Dodged            |    24 |    66 ||    90

Table legend: (Time is in decaauts)
 A = Elapsed time spent in this place.
 B = Non-inter-level travel time spent in this place.
 C = Inter-level travel time spent in this place.
 D = Time resting spent in this place.
 E = Time spent auto-exploring this place.
 F = Levels seen in this place.
 G = Mean time per level.
                   A        B        C        D        E       F      G
               +--------+--------+--------+--------+--------+-----+--------+
         Total |   3652 |   3542 |    110 |    204 |   2612 |   4 |  913.0 |
       Dungeon |   3652 |   3542 |    110 |    204 |   2612 |   4 |  913.0 |
               +--------+--------+--------+--------+--------+-----+--------+

Top non-repeatable levels by time:
     D:1: 1111 daAuts
     D:2: 1019 daAuts
     D:3: 942 daAuts
     D:6: 578 daAuts
